[Event "Titled Tuesday Blitz November 01 Early 2022"]
[White "Colas, Joshua"]
[Black "Jean Louis, Marckens"]
[WhiteFideId "2044447"]
[BlackFideId "11900270"]
[WhiteElo "2347"]
[BlackElo "2030"]
[Result "0-1"]
[Round "06"]
[TimeControl "180+1"]
[Date "2022.11.02"]
[WhiteClock "0:00:07"]
[BlackClock "0:01:07"]

1. Nf3 d5 2. c4 e6 3. g3 c5 4. Bg2 Nf6 5. O-O Be7 6. b3 dxc4 7. bxc4 O-O 8. d3 Ne8 9. Nc3 Bf6 10. Bb2 Nc6 11. Qc1 a6 12. Ne4 Be7 13. Ne5 Nxe5 14. Bxe5 f5 15. Nd2 Bd6 16. Nf3 Rb8 17. Rb1 b5 18. cxb5 axb5 19. a4 b4 20. Qc4 Bxe5 21. Nxe5 Qd6 22. f4 Ba6 23. Qb3 Nf6 24. Rfc1 Rfc8 25. h3 h6 26. Kh2 Nd5 27. e4 fxe4 28. Bxe4 Nc3 29. Bg6 Nxb1 30. Rxb1 Rc7 31. Re1 Qd5 32. Qb2 b3 33. Be4 Qd4 34. Qe2 b2 35. Rb1 c4 36. dxc4 Bxc4 37. Nxc4 Rxc4 38. Bd3 Rc1 39. Qxe6+ Kh8 40. Qe2 Qg1# 0-1


[Site "https://www.chess.com"]

[Event "Titled Tuesday Blitz November 01 Early 2022"]
[White "Costachi, Mihnea"]
[Black "Ilkhomi, Jaloliddin"]
[WhiteFideId "1217518"]
[BlackFideId "14700948"]
[WhiteElo "2437"]
[BlackElo "2045"]
[Result "1-0"]
[Round "06"]
[TimeControl "180+1"]
[Date "2022.11.02"]
[WhiteClock "0:01:32"]
[BlackClock "0:01:32"]

1. e4 e6 2. Nc3 d5 3. Nf3 Nf6 4. exd5 exd5 5. d4 Bd6 6. Bd3 O-O 7. h3 Re8+ 8. Ne2 Ne4 9. O-O c6 10. Bf4 Bf5 11. Bxd6 Qxd6 12. Nh4 Bg6 13. Nxg6 hxg6 14. f3 Ng3 15. Nxg3 Qxg3 16. Re1 Nd7 17. Qd2 Nf6 18. Qf2 Qd6 19. Rxe8+ Rxe8 20. Re1 Rxe1+ 21. Qxe1 Kf8 22. Qa5 a6 23. Qb6 Qe7 24. Kf2 Nh5 25. g3 Qg5 26. Qb4+ Kg8 27. Qd6 Qd2+ 28. Kf1 Qh2 29. Qd8+ Kh7 30. Qh4 Qxg3 31. Qxh5+ Kg8 32. Qg4 Qh2 33. Qg2 Qf4 34. Qf2 Qc1+ 35. Ke2 Qxb2 36. Qe3 Kh7 37. Qf4 Kg8 38. Qb8+ Kh7 39. Qf4 Kg8 40. Qe5 Kh7 41. Qh5+ Kg8 42. Qg4 Qb6 43. h4 Qd8 44. h5 Qe7+ 45. Kd1 gxh5 46. Qc8+ Qe8 47. Qxe8# 1-0


[Site "https://www.chess.com"]

[Event "Titled Tuesday Blitz November 01 Early 2022"]
[White "Cramling Bellon, Anna"]
[Black "Jiganchine, Roman"]
[WhiteFideId "32009232"]
[BlackFideId "2603667"]
[WhiteElo "1972"]
[BlackElo "2296"]
[Result "0-1"]
[Round "06"]
[TimeControl "180+1"]
[Date "2022.11.02"]
[WhiteClock "0:00:04"]
[BlackClock "0:00:56"]

1. d4 d5 2. c4 e6 3. Nc3 Nf6 4. cxd5 exd5 5. Bg5 c6 6. e3 Bf5 7. Qf3 Bg6 8. Bxf6 Qxf6 9. Qxf6 gxf6 10. h4 h5 11. Nh3 Bd6 12. g3 Nd7 13. Be2 Nb6 14. Nf4 a5 15. O-O-O a4 16. a3 Nc4 17. Bxc4 dxc4 18. Nxg6 fxg6 19. e4 Kf7 20. f4 b5 21. e5 Be7 22. d5 b4 23. axb4 Bxb4 24. dxc6 Bxc3 25. bxc3 fxe5 26. fxe5 a3 27. Rd6 a2 28. Kb2 a1=Q+ 29. Rxa1 Rhb8+ 30. Kc2 Rxa1 31. c7 Ra2+ 32. Kc1 Rc8 33. Rd7+ Ke6 34. Rg7 Kxe5 35. Rxg6 Rxc7 36. Rg5+ Ke4 37. Rxh5 Rf7 38. Kb1 Re2 0-1


[Site "https://www.chess.com"]

[Event "Titled Tuesday Blitz November 01 Early 2022"]
[White "Darini, Pouria"]
[Black "Maximov, Dmitry"]
[WhiteFideId "12502200"]
[BlackFideId "14105659"]
[WhiteElo "2668"]
[BlackElo "2819"]
[Result "1-0"]
[Round "06"]
[TimeControl "180+1"]
[Date "2022.11.02"]
[WhiteClock "0:00:05"]
[BlackClock "0:00:02"]

1. d4 Nf6 2. c4 g6 3. h4 h5 4. Nc3 d6 5. e4 Nbd7 6. f3 Bg7 7. Be3 c6 8. Qd2 a6 9. Nh3 b5 10. Ng5 Rb8 11. c5 O-O 12. O-O-O a5 13. e5 b4 14. Na4 Nd5 15. e6 N7f6 16. exf7+ Kh8 17. Bd3 b3 18. a3 Bf5 19. Bxf5 gxf5 20. Ne6 Qd7 21. Nxf8 Rxf8 22. Bh6 Rxf7 23. Rhe1 Kh7 24. Bg5 Qb7 25. Qd3 Qd7 26. Qxb3 Rf8 27. Re2 Qc7 28. Rde1 Rb8 29. Qc2 Kg6 30. g4 hxg4 31. fxg4 Nxg4 32. Re6+ Bf6 33. Rf1 Kf7 34. Bxf6 Ngxf6 35. Qxf5 dxc5 36. Nxc5 Qh2 37. Qf2 Qxf2 38. Rxf2 Rh8 39. Ree2 Rxh4 40. Kd2 Rxd4+ 41. Kc1 Rc4+ 42. Rc2 Rh4 43. Kb1 Rh1+ 44. Rc1 Rh3 45. Nb7 a4 46. Rxc6 Ne3 47. Rc1 Kg7 48. Nc5 Rg3 49. Nxa4 Ne4 50. Re2 Kf6 51. Nc3 Nxc3+ 52. Rxc3 Rg1+ 53. Ka2 Nd5 54. Rf3+ Kg6 55. Re5 Nf6 56. Rxe7 Rd1 57. Re6 Kg5 58. Rfxf6 1-0


[Site "https://www.chess.com"]

[Event "Titled Tuesday Blitz November 01 Early 2022"]
[White "De Souza, Cristiano Gomes"]
[Black "Gabrielian, Artur"]
[WhiteFideId "2151758"]
[BlackFideId "4131002"]
[WhiteElo "2068"]
[BlackElo "2432"]
[Result "0-1"]
[Round "06"]
[TimeControl "180+1"]
[Date "2022.11.02"]
[WhiteClock "0:02:19"]
[BlackClock "0:02:35"]

1. d4 Nf6 2. c4 c5 3. d5 e6 4. Nc3 exd5 5. cxd5 d6 6. h3 g6 7. e4 Bg7 8. Nf3 O-O 9. Bd3 Nbd7 10. O-O Re8 11. Re1 Ne5 12. Nxe5 Rxe5 13. Bf4 Nh5 14. Bxe5 Bxe5 15. Be2 Nf4 16. Bf3 Qg5 17. Kf1 c4 18. Rb1 Bd7 19. Bg4 h5 20. Bxd7 Qxg2# 0-1


[Site "https://www.chess.com"]

[Event "Titled Tuesday Blitz November 01 Early 2022"]
[White "Dehtiarov, Roman"]
[Black "Balkum, Alexander"]
[WhiteFideId "14186640"]
[BlackFideId "2005069"]
[WhiteElo "2200"]
[BlackElo "2325"]
[Result "1-0"]
[Round "06"]
[TimeControl "180+1"]
[Date "2022.11.02"]
[WhiteClock "0:00:37"]
[BlackClock "0:00:06"]

1. e4 c5 2. Nc3 Nc6 3. f4 g6 4. Nf3 Bg7 5. Bb5 Nd4 6. O-O Nxb5 7. Nxb5 d5 8. e5 Nh6 9. d4 a6 10. Nc3 cxd4 11. Nxd4 O-O 12. Be3 f6 13. exf6 Bxf6 14. Nf3 e6 15. Bf2 Bd7 16. Re1 Rc8 17. Qd2 Nf5 18. Ne5 Nd6 19. Bd4 Nc4 20. Qf2 Nxb2 21. Nxd5 exd5 22. Bxb2 Bf5 23. c3 Bxe5 24. Rxe5 Re8 25. Rae1 Rxe5 26. Rxe5 d4 27. cxd4 Rc2 28. Re2 Qc7 29. h3 Kf7 30. g4 Bd3 31. Rd2 Rxd2 32. Qxd2 Qc2 33. Qxc2 Bxc2 34. Kf2 Ke6 35. Kg3 Bb1 36. a3 Be4 37. Kh4 h6 38. Bc3 Bd5 39. Bb4 Kf6 40. Kg3 g5 41. f5 Bc6 42. Bf8 h5 43. Bd6 hxg4 44. Kxg4 Bd5 45. Be5+ Kf7 46. Kxg5 Bg2 47. h4 Bf1 48. h5 Bd3 49. h6 Kg8 50. Kg6 Bxf5+ 51. Kxf5 b5 52. Kg6 1-0


[Site "https://www.chess.com"]

[Event "Titled Tuesday Blitz November 01 Early 2022"]
[White "Devaev, Alexander"]
[Black "Kosteniuk, Alexandra"]
[WhiteFideId "4169395"]
[BlackFideId "4128125"]
[WhiteElo "2225"]
[BlackElo "2469"]
[Result "0-1"]
[Round "06"]
[TimeControl "180+1"]
[Date "2022.11.02"]
[WhiteClock "0:00:01"]
[BlackClock "0:01:30"]

1. Nf3 f5 2. d4 Nf6 3. g3 g6 4. Bg2 Bg7 5. b3 O-O 6. Bb2 d6 7. d5 c6 8. c4 cxd5 9. cxd5 Qa5+ 10. Nbd2 Qxd5 11. O-O Qa5 12. Re1 Nc6 13. Nc4 Qd8 14. Nd4 Bd7 15. Rc1 Rc8 16. Nf3 b5 17. Ne3 Nb4 18. a3 Nc6 19. h4 h6 20. Nd5 e5 21. Nxf6+ Qxf6 22. Nd2 Ne7 23. Nf1 Rxc1 24. Bxc1 f4 25. Bf3 Bh3 26. Nh2 fxg3 27. fxg3 e4 28. Bxe4 Qf2+ 29. Kh1 Qxg3 30. Nf3 Qg2# 0-1


[Site "https://www.chess.com"]

[Event "Titled Tuesday Blitz November 01 Early 2022"]
[White "Do Nascimento,Christian Almeida"]
[Black "Sailer, Mike"]
[WhiteFideId "2143801"]
[BlackFideId "2012901"]
[WhiteElo "2079"]
[BlackElo "2109"]
[Result "1/2-1/2"]
[Round "06"]
[TimeControl "180+1"]
[Date "2022.11.02"]
[WhiteClock "0:00:18"]
[BlackClock "0:00:07"]

1. d4 d5 2. Nf3 Nf6 3. Bf4 Bf5 4. e3 e6 5. Bd3 Bxd3 6. Qxd3 c6 7. O-O Be7 8. Nbd2 O-O 9. Ne5 Nbd7 10. h3 Nxe5 11. Bxe5 c5 12. c3 a6 13. Rac1 Bd6 14. Bxf6 Qxf6 15. e4 cxd4 16. exd5 dxc3 17. Rxc3 exd5 18. Qxd5 Bb4 19. Ne4 Qd8 20. Rd3 Qxd5 21. Rxd5 Rfd8 22. Rfd1 Rxd5 23. Rxd5 Kf8 24. Rd7 b5 25. a3 Be7 26. Kf1 Ke8 27. Rb7 f5 28. Ng3 g6 29. Ne2 Rd8 30. Ke1 Bf6 31. Nc3 Bxc3+ 32. bxc3 Rd3 33. Rc7 h5 34. Ke2 Rd6 35. Rg7 Kf8 36. Ra7 Ke8 37. h4 Rc6 38. Kd3 Kd8 39. g3 Ke8 40. Kd4 Kf8 41. Rd7 Kg8 42. Rd5 Kf8 43. Rc5 Re6 44. Re5 Rd6+ 45. Rd5 Rc6 46. Kd3 Kf7 47. a4 bxa4 48. Ra5 Kf6 49. Rxa4 g5 50. hxg5+ Kxg5 51. Rb4 Rd6+ 52. Rd4 Rc6 53. Rd8 Kg4 54. Rf8 a5 55. c4 Ra6 56. Kc3 a4 57. Kb2 a3+ 58. Ka2 Ra4 59. Rc8 h4 60. gxh4 Kxh4 61. c5 Kg4 62. c6 Kf3 63. Rf8 f4 64. c7 Rc4 65. c8=Q Rxc8 66. Rxc8 Kxf2 67. Kxa3 f3 68. Kb3 Kg2 69. Rg8+ Kf1 70. Kc3 f2 71. Kc2 Ke2 72. Re8+ Kf3 73. Rf8+ Ke2 74. Re8+ Kf3 75. Rf8+ Ke2 76. Re8+ 1/2-1/2


[Site "https://www.chess.com"]

[Event "Titled Tuesday Blitz November 01 Early 2022"]
[White "Dominguez Perez, Leinier"]
[Black "Jobava, Baadur"]
[WhiteFideId "3503240"]
[BlackFideId "13601520"]
[WhiteElo "2647"]
[BlackElo "2582"]
[Result "1/2-1/2"]
[Round "06"]
[TimeControl "180+1"]
[Date "2022.11.01"]
[WhiteClock "0:00:03"]
[BlackClock "0:00:13"]

1. e4 e6 2. d4 d5 3. Nc3 dxe4 4. Nxe4 Bd7 5. Nf3 Bc6 6. Neg5 Be7 7. Bc4 Bd5 8. Bxd5 Qxd5 9. Qe2 Nc6 10. c4 Qa5+ 11. Bd2 Bb4 12. d5 Bxd2+ 13. Nxd2 Nf6 14. Nxe6 fxe6 15. dxc6 O-O-O 16. cxb7+ Kxb7 17. Rd1 Rd6 18. O-O Rhd8 19. Nb3 Qb4 20. Rxd6 Rxd6 21. Qf3+ Kb8 22. Rc1 Qb7 23. Qxb7+ Kxb7 24. Kf1 Ng4 25. Ke2 Ne5 26. Rc3 h6 27. f4 Nc6 28. a3 Nd4+ 29. Nxd4 Rxd4 30. g3 c5 31. b3 Rd6 32. Rd3 Ra6 33. a4 Kc7 34. Kd2 Rb6 35. Kc3 a5 36. g4 Rb8 37. Re3 Kd6 38. Rd3+ Kc6 39. Re3 Kd6 40. h4 Rf8 41. Re4 g5 42. hxg5 hxg5 43. fxg5 Rg8 44. Kd3 Rxg5 45. Ke3 e5 46. Kf3 Rg8 47. Re1 Rb8 48. Re3 Ke6 49. Kg3 Rh8 50. Re1 Rb8 51. Re3 Rh8 52. Re1 Rb8 53. Re3 1/2-1/2


[Site "https://www.chess.com"]

[Event "Titled Tuesday Blitz November 01 Early 2022"]
[White "Dushyant Sharma"]
[Black "Vovk, Orest"]
[WhiteFideId "25065130"]
[BlackFideId "14113490"]
[WhiteElo "2270"]
[BlackElo "2215"]
[Result "1-0"]
[Round "06"]
[TimeControl "180+1"]
[Date "2022.11.02"]
[WhiteClock "0:00:27"]
[BlackClock "0:00:44"]

1. e4 g5 2. d4 h6 3. Nc3 Bg7 4. Be3 c5 5. dxc5 Bxc3+ 6. bxc3 Nc6 7. Bd3 Qa5 8. Ne2 Nf6 9. O-O Ng4 10. Qd2 Nxe3 11. Qxe3 b6 12. cxb6 axb6 13. Rab1 Qc5 14. Nd4 Qxc3 15. Nxc6 Qxc6 16. Rxb6 Qc7 17. Qd4 f6 18. Re1 Ra5 19. Rb3 e5 20. Qb4 Qc5 21. Qxc5 Rxc5 22. a4 Ke7 23. Rb8 Rd8 24. Ra1 Ra5 25. Rb5 Ra7 26. a5 Ba6 27. Rb6 Bxd3 28. cxd3 Rc8 29. Kf1 Rc5 30. a6 Kd8 31. Rxf6 Kc7 32. Rxh6 d6 33. Rh7+ Kb8 34. Rb1+ 1-0


[Site "https://www.chess.com"]

[Event "Titled Tuesday Blitz November 01 Early 2022"]
[White "Faizrakhmanov, Ramil"]
[Black "Dubov, Daniil"]
[WhiteFideId "24103209"]
[BlackFideId "24126055"]
[WhiteElo "2421"]
[BlackElo "2791"]
[Result "0-1"]
[Round "06"]
[TimeControl "180+1"]
[Date "2022.11.01"]
[WhiteClock "0:00:02"]
[BlackClock "0:00:54"]

1. d4 Nf6 2. c4 e6 3. Nf3 d5 4. Nc3 Bb4 5. Qa4+ Nc6 6. e3 O-O 7. Qc2 Bd6 8. c5 Be7 9. a3 b6 10. b4 Nb8 11. Bd3 a5 12. Rb1 axb4 13. axb4 c6 14. O-O Nbd7 15. Ne5 Qc7 16. Nxd7 Bxd7 17. Bd2 bxc5 18. bxc5 e5 19. dxe5 Qxe5 20. Ne2 Ng4 21. Ng3 h5 22. Bc3 Qg5 23. Bh7+ Kh8 24. Bf5 Be6 25. Rb7 Rae8 26. Rc7 h4 27. Bxe6 fxe6 28. Ne2 Nxe3 29. fxe3 Qxe3+ 0-1


[Site "https://www.chess.com"]

[Event "Titled Tuesday Blitz November 01 Early 2022"]
[White "Fathy, Elameir"]
[Black "Yurasova, Daria"]
[WhiteFideId "10600396"]
[BlackFideId "34146919"]
[WhiteElo "2311"]
[BlackElo "2044"]
[Result "0-1"]
[Round "06"]
[TimeControl "180+1"]
[Date "2022.11.02"]
[WhiteClock "0:00:03"]
[BlackClock "0:00:19"]

1. d4 d5 2. c4 dxc4 3. Nf3 Nf6 4. e3 e6 5. Bxc4 a6 6. O-O Be7 7. Nc3 b5 8. Be2 Bb7 9. Ne5 O-O 10. Bf3 Nd5 11. Qe2 Nd7 12. Nxd5 Bxd5 13. Bxd5 exd5 14. Nc6 Qe8 15. Bd2 Nb6 16. a3 Qxc6 17. Rac1 Qd7 18. Bb4 Nc4 19. b3 Bxb4 20. axb4 Nd6 21. Rc5 Ne4 22. Rc2 Qd6 23. f3 Nf6 24. Qd2 Rfe8 25. Rfc1 Rac8 26. Rc6 Qe7 27. Kf2 Qd7 28. Rxa6 Qf5 29. Kg1 h5 30. Rac6 h4 31. h3 Qg5 32. Kf2 Qg3+ 33. Kg1 Re7 34. R6c3 Rce8 35. Qe1 Qd6 36. Qxh4 Rxe3 37. Rxe3 Rxe3 38. Rc5 c6 39. Qf2 Re6 40. Rc1 Qf4 41. Rd1 Qe3 42. Qxe3 Rxe3 43. Rc1 Rxb3 44. Rxc6 Rxb4 45. Rc8+ Kh7 46. Rb8 Rb2 47. Rb7 Kg6 48. Kh2 Nh5 49. h4 Nf4 50. Kg3 Nxg2 51. Rb6+ f6 52. Kg4 Ne3+ 53. Kf4 Nc4 54. Rb8 Rb3 55. h5+ Kxh5 56. Kf5 Rxf3+ 57. Ke6 Ne3 58. Rxb5 g5 59. Rb8 f5 60. Kf6 Kg4 61. Rg8 Kf4 62. Rxg5 Ke4 63. Rh5 Kxd4 64. Rh3 Rxh3 0-1


[Site "https://www.chess.com"]

[Event "Titled Tuesday Blitz November 01 Early 2022"]
[White "Fernandez De La Vara, Arnaldo"]
[Black "Donchenko, Alexander"]
[WhiteFideId "3518388"]
[BlackFideId "24603295"]
[WhiteElo "2387"]
[BlackElo "2572"]
[Result "1-0"]
[Round "06"]
[TimeControl "180+1"]
[Date "2022.11.01"]
[WhiteClock "0:00:08"]
[BlackClock "0:00:16"]

1. Nf3 Nf6 2. b3 c5 3. c4 Nc6 4. Bb2 d6 5. g3 e5 6. Nc3 g6 7. Bg2 Bg7 8. O-O O-O 9. Ne1 Be6 10. Nd5 Rb8 11. Nc2 Ne7 12. Nxe7+ Qxe7 13. a4 b6 14. Ne3 a6 15. f4 exf4 16. gxf4 Nh5 17. Qc2 f5 18. Nd5 Qf7 19. e3 Nf6 20. Nxf6+ Bxf6 21. d4 Rfe8 22. Rad1 Qg7 23. Rd3 b5 24. axb5 axb5 25. cxb5 Bd7 26. Bc6 Bxc6 27. bxc6 Rbc8 28. Ba3 Rxc6 29. dxc5 dxc5 30. Bxc5 Qb7 31. b4 Kh8 32. Qc4 Re4 33. Qd5 Qb5 34. Rfd1 Rce6 35. Qd7 Qc4 36. Qf7 Qb5 37. Qf8# 1-0


[Site "https://www.chess.com"]

[Event "Titled Tuesday Blitz November 01 Early 2022"]
[White "Fernandez Hernandez, Gerardo"]
[Black "Begunov, Konstantin"]
[WhiteFideId "2207400"]
[BlackFideId "4118510"]
[WhiteElo "2243"]
[BlackElo "2225"]
[Result "0-1"]
[Round "06"]
[TimeControl "180+1"]
[Date "2022.11.02"]
[WhiteClock "0:00:01"]
[BlackClock "0:00:08"]

1. e4 c5 2. d3 d5 3. Nd2 Nc6 4. Ngf3 Nf6 5. g3 dxe4 6. dxe4 e6 7. Bg2 Be7 8. O-O O-O 9. e5 Nd7 10. Re1 Qc7 11. Qe2 b6 12. c3 a5 13. a4 Ba6 14. Qe4 Rad8 15. Nf1 h6 16. Bf4 Rfe8 17. h4 Nf8 18. h5 Bd3 19. Qe3 c4 20. N1d2 Bc5 21. Nd4 Nxd4 22. cxd4 Bxd4 23. Qf3 Bxb2 24. Qg4 Kh8 25. Ne4 Bxa1 26. Rxa1 Nh7 27. Nd6 Re7 28. Rc1 Red7 29. Bf1 Bxf1 30. Kxf1 Qc5 31. Rxc4 Qxc4+ 32. Nxc4 Rd4 33. Nd6 Kg8 34. Qf3 Rxa4 35. Bxh6 gxh6 36. Qxf7+ Kh8 37. Qe7 Rf8 38. Nf7+ Rxf7 39. Qxf7 Rb4 40. Qxe6 Rb1+ 41. Kg2 b5 42. Qc8+ Kg7 43. Qc7+ Kf8 44. Qxa5 Ng5 45. Qa8+ Ke7 46. Qb7+ Ke6 47. Qc7 Nf7 48. Qc3 b4 49. Qc2 Ra1 0-1


[Site "https://www.chess.com"]

[Event "Titled Tuesday Blitz November 01 Early 2022"]
[White "Flis, Pawel"]
[Black "Li, Hui"]
[WhiteFideId "1112864"]
[BlackFideId "15400310"]
[WhiteElo "1836"]
[BlackElo "1954"]
[Result "0-1"]
[Round "06"]
[TimeControl "180+1"]
[Date "2022.11.02"]
[WhiteClock "0:00:07"]
[BlackClock "0:00:12"]

1. e4 e5 2. d4 exd4 3. Nf3 Nf6 4. e5 Ne4 5. Qxd4 d5 6. exd6 Nxd6 7. Nc3 Nc6 8. Qf4 Nf5 9. Bd3 Bd6 10. Qe4+ Qe7 11. O-O O-O 12. Bg5 Qxe4 13. Bxe4 h6 14. Bd2 Bd7 15. Rfe1 Rfe8 16. Nb5 a6 17. Nxd6 Nxd6 18. Bd3 Bf5 19. Bxf5 Nxf5 20. Bc3 f6 21. h3 Kf7 22. Rad1 Rxe1+ 23. Rxe1 Re8 24. Kf1 Rxe1+ 25. Kxe1 Nd6 26. Kd2 Ne4+ 27. Kd3 Nxc3 28. Kxc3 Ke6 29. a3 Kd5 30. Kd3 g6 31. c4+ Ke6 32. Ke4 f5+ 33. Kd3 g5 34. b4 Ne5+ 35. Ke3 Nxc4+ 36. Kd4 Nxa3 37. Nd2 Nb5+ 38. Kc5 Nd6 39. f3 Nf7 40. Nc4 Ne5 41. Ne3 Nd3+ 42. Kc4 Ne5+ 43. Kd4 Nc6+ 44. Kc5 Ne7 45. Nc4 b6+ 46. Kd4 Nc6+ 47. Kc3 Ne5 48. Ne3 Ng6 49. Kd4 Nf4 50. g4 fxg4 51. hxg4 Ne2+ 52. Kd3 Nf4+ 53. Ke4 Ne2 54. Nf5 a5 55. bxa5 bxa5 56. Kd3 Ng1 57. Nd4+ Kd5 58. Nb5 Nxf3 59. Nc3+ Ke6 60. Ke3 Ne5 61. Nb5 Nxg4+ 62. Kf3 Nf6 63. Nxc7+ Ke5 64. Nb5 a4 65. Na3 h5 66. Nc4+ Kd4 67. Nd6 Kd5 68. Nb5 g4+ 69. Kg3 Kc5 70. Na3 Kb4 71. Nc2+ Kc3 72. Na3 Kb3 73. Nb1 a3 74. Nd2+ Kb2 75. Nc4+ Kb3 76. Nxa3 Kxa3 77. Kf4 Kb4 78. Kg5 g3 79. Kxf6 g2 80. Kg5 g1=Q+ 81. Kxh5 Kc5 82. Kh4 Kd5 83. Kh3 Ke4 84. Kh4 Kf5 85. Kh5 Qg5# 0-1


[Site "https://www.chess.com"]

[Event "Titled Tuesday Blitz November 01 Early 2022"]
[White "Fudalej, Michal"]
[Black "Chernov, Mikhail"]
[WhiteFideId "1118781"]
[BlackFideId "24143170"]
[WhiteElo "2088"]
[BlackElo "2113"]
[Result "1-0"]
[Round "06"]
[TimeControl "180+1"]
[Date "2022.11.02"]
[WhiteClock "0:00:30"]
[BlackClock "0:00:18"]

1. Nf3 c5 2. g3 Nc6 3. Bg2 e5 4. d3 g6 5. c4 Bg7 6. O-O Nge7 7. Nc3 d6 8. Ne1 O-O 9. Nc2 h6 10. Ne3 f5 11. Ned5 Nxd5 12. Nxd5 Kh7 13. Rb1 a5 14. b3 Be6 15. a3 Ne7 16. Nxe7 Qxe7 17. b4 cxb4 18. axb4 a4 19. b5 e4 20. Ba3 Rfd8 21. Rb4 d5 22. Rxa4 Qd7 23. dxe4 fxe4 24. cxd5 Bxd5 25. Rxa8 Rxa8 26. Bxe4 Qxb5 27. Qxd5 Qxd5 28. Bxd5 Rxa3 29. Bxb7 h5 30. Bf3 h4 31. Kg2 hxg3 32. hxg3 Ra1 33. Rxa1 Bxa1 34. e3 Kg7 35. Be4 g5 36. Kf3 Kf6 37. Kg4 Bc3 38. f4 gxf4 39. exf4 Be1 40. Kf3 Bd2 41. g4 Bc1 42. g5+ Kg7 43. Kg4 Bd2 44. Kf5 Bc1 45. Kg4 Bd2 46. f5 Bc3 47. Bd5 Bb2 48. Bb3 Bc3 49. Bc2 Bb2 50. Kf3 Bc1 51. f6+ Kf7 52. Kg4 Bb2 53. Kf5 Bc3 54. g6+ 1-0


[Site "https://www.chess.com"]

[Event "Titled Tuesday Blitz November 01 Early 2022"]
[White "Gabdrakhmanov, Azat"]
[Black "Predke, Alexandr"]
[WhiteFideId "34189197"]
[BlackFideId "24107581"]
[WhiteElo "2608"]
[BlackElo "2861"]
[Result "0-1"]
[Round "06"]
[TimeControl "180+1"]
[Date "2022.11.02"]
[WhiteClock "0:00:04"]
[BlackClock "0:00:11"]

1. e4 c5 2. Nf3 e6 3. d4 cxd4 4. Nxd4 Nc6 5. Nc3 Qc7 6. Be3 a6 7. Qd2 Nxd4 8. Bxd4 b5 9. f3 Bb7 10. a4 b4 11. Na2 Qa5 12. b3 Nf6 13. O-O-O Bc6 14. Bc4 Be7 15. Kb1 O-O 16. g4 Rfc8 17. g5 Nh5 18. Bb2 Qxg5 19. Qe1 Bxa4 20. Rg1 Qh6 21. Nxb4 Rxc4 22. bxc4 Bf6 23. e5 Be7 24. Nd3 Rb8 25. Qa5 Bc6 26. Ka2 Nf4 27. Bc1 Qxh2 28. Qd2 Ne2 29. Rde1 Bxf3 30. Rgf1 Qh4 31. Rxf3 Qxc4+ 32. Ka1 Qa4+ 0-1


[Site "https://www.chess.com"]

[Event "Titled Tuesday Blitz November 01 Early 2022"]
[White "Garayev, Kanan"]
[Black "Ohanyan, Emin"]
[WhiteFideId "13406671"]
[BlackFideId "13312022"]
[WhiteElo "2391"]
[BlackElo "2784"]
[Result "0-1"]
[Round "06"]
[TimeControl "180+1"]
[Date "2022.11.02"]
[WhiteClock "0:00:02"]
[BlackClock "0:00:15"]

1. d4 d5 2. c4 c6 3. Nf3 Nf6 4. Qc2 g6 5. g3 Bg7 6. Bg2 O-O 7. O-O a5 8. Ne5 Nfd7 9. Nxd7 Qxd7 10. cxd5 cxd5 11. Nc3 e6 12. e3 b5 13. Rd1 Ba6 14. Bf1 Rc8 15. Qb1 b4 16. Bxa6 Nxa6 17. Ne2 Rc7 18. Bd2 Rac8 19. Qd3 Nb8 20. a3 Nc6 21. Rdc1 Bf8 22. axb4 Nxb4 23. Qb3 Qb5 24. Bxb4 Bxb4 25. Rxc7 Rxc7 26. Nf4 Kg7 27. h4 h6 28. Nd3 Rb7 29. Nxb4 axb4 30. Rc1 Qa6 31. Kg2 Qa8 32. Rc5 Qa1 33. Rc8 Qb1 34. Qa4 Qe4+ 35. Kh2 Qf3 36. Kg1 Kf6 37. Qe8 Kf5 38. Qc6 Kg4 39. Qc1 Qe2 40. Rc2 Qd3 41. Rd2 Qe4 42. Qd1+ Qf3 43. Qf1 g5 44. Kh2 Kf5 45. Qd3+ Kf6 46. Qh7 Qh5 47. Qh8+ Ke7 48. Qe5 f6 49. g4 Qxh4+ 0-1


[Site "https://www.chess.com"]

[Event "Titled Tuesday Blitz November 01 Early 2022"]
[White "Garv Gaur"]
[Black "Sovetbekova, Nurai"]
[WhiteFideId "45030839"]
[BlackFideId "13801910"]
[WhiteElo "1960"]
[BlackElo "1925"]
[Result "0-1"]
[Round "06"]
[TimeControl "180+1"]
[Date "2022.11.02"]
[WhiteClock "0:00:07"]
[BlackClock "0:00:08"]

1. d4 Nf6 2. Nf3 g6 3. c4 Bg7 4. g3 O-O 5. Bg2 d5 6. cxd5 Nxd5 7. O-O Nc6 8. Nc3 Nb6 9. d5 Na5 10. Qc2 c6 11. dxc6 Nxc6 12. Rd1 Bd7 13. Be3 Rc8 14. Bxb6 axb6 15. Rd2 Bxc3 16. bxc3 Qc7 17. Rc1 Bf5 18. Qa4 Ra8 19. Qh4 h5 20. h3 Qc8 21. Ng5 Kg7 22. g4 hxg4 23. Qh7+ Kf6 24. Qh4 Rh8 25. Ne4+ Kg7 26. Qg3 gxh3 27. Bf3 h2+ 28. Kh1 Bxe4 29. Bxe4 Qe6 30. Bd5 Qf6 31. Rd3 e6 32. Bxc6 bxc6 33. Rf3 Qh4 34. Qe5+ Kg8 35. Rd1 Re8 36. Rd7 Qh6 37. e3 Rf8 38. Rd4 Qh5 39. Qg3 Qb5 40. Rd1 Qe2 41. Rb1 Rd8 42. Rxf7 Kxf7 43. Qf4+ Kg8 44. Qe4 Rd1+ 45. Rxd1 Qxd1+ 46. Kg2 h1=Q+ 47. Kg3 Qdg1+ 48. Kf4 Qxe4+ 49. Kxe4 Qg4+ 50. Ke5 Qf5+ 51. Kd6 Rh5 52. Ke7 Qd5 53. Ke8 Rf5 54. Ke7 Rf7+ 55. Ke8 Qd7# 0-1


[Site "https://www.chess.com"]

[Event "Titled Tuesday Blitz November 01 Early 2022"]
[White "Gharibyan, Mamikon"]
[Black "Horobetz, Graham"]
[WhiteFideId "13308300"]
[BlackFideId "2047322"]
[WhiteElo "2817"]
[BlackElo "2598"]
[Result "1-0"]
[Round "06"]
[TimeControl "180+1"]
[Date "2022.11.02"]
[WhiteClock "0:00:46"]
[BlackClock "0:00:10"]

1. Nf3 c5 2. g3 g6 3. Bg2 Bg7 4. c4 Nc6 5. Nc3 e5 6. O-O Nge7 7. d3 O-O 8. Rb1 d6 9. a3 a5 10. Ne1 Be6 11. Nd5 Rb8 12. Nc2 b5 13. e4 b4 14. b3 Qd7 15. axb4 axb4 16. Ra1 Bxd5 17. exd5 Nd8 18. Ra6 Nc8 19. f4 Qb7 20. Ra1 f5 21. fxe5 Bxe5 22. d4 cxd4 23. Nxd4 Qg7 24. Be3 Nb6 25. Ra6 Nd7 26. Ra7 Rf7 27. Ne6 Qf6 28. Bg5 Qh8 29. Bxd8 Rxd8 30. Nxd8 Bd4+ 31. Kh1 Bxa7 32. Nxf7 Kxf7 33. Qe1 Qe5 34. Qxb4 Nc5 35. Qa5 Qe7 36. b4 Nd3 37. c5 dxc5 38. d6 Qd7 39. Qc7 Ne5 40. Re1 1-0


[Site "https://www.chess.com"]

[Event "Titled Tuesday Blitz November 01 Early 2022"]
[White "Ginzburg, Yakov"]
[Black "Muminova, Nafisa"]
[WhiteFideId "4157176"]
[BlackFideId "14201526"]
[WhiteElo "2305"]
[BlackElo "2258"]
[Result "1-0"]
[Round "06"]
[TimeControl "180+1"]
[Date "2022.11.02"]
[WhiteClock "0:01:28"]
[BlackClock "0:00:45"]

1. Nf3 d5 2. d4 Nf6 3. c4 e6 4. g3 a6 5. Bg2 dxc4 6. O-O Be7 7. Ne5 Nbd7 8. Nxc4 O-O 9. Nc3 Nb6 10. Nxb6 cxb6 11. e4 Bd7 12. e5 Nd5 13. Nxd5 exd5 14. Bxd5 Bb5 15. Bxb7 Bxf1 16. Bxa8 Qxa8 17. Qxf1 Rd8 18. Be3 h5 19. Qg2 Qc8 20. d5 Qc2 21. d6 Qxb2 22. Rc1 Bf8 23. Qd5 Rd7 24. e6 Rxd6 25. exf7+ Kh7 26. Qxh5+ Rh6 27. Bxh6 gxh6 28. Qf5+ Kg7 29. Qg4+ Kf6 30. Rc6+ Kxf7 31. Qg6+ Ke7 32. Qe6+ Kd8 33. Rc8# 1-0


[Site "https://www.chess.com"]